TOP OF THE 1ST |
Intercourse Amish batting - Pitching for Buffalo LightSabres : RHP Ben Graham
|
Pitching: RHP Ben Graham
|
|
Batting: RHB Leon Heath
|
0-0: Ball 1-0: Called Strike 1-1: Foul Ball, location: 2F 1-2: Ball 2-2: SINGLE (Line Drive, 6MD)
|
Batting: RHB Ramón Padilla
|
0-0: Swinging Strike 0-1: Reached on error, E6 (Groundball, 6S) Leon Heath to second
|
Batting: SHB Conan Hanson
|
0-0: SINGLE (Line Drive, 4) Leon Heath to third Ramón Padilla to second
|
Batting: RHB José Velázquez
|
0-0: Ball 1-0: Ball 2-0: Foul Ball, location: 2F 2-1: Fly out, F2 (Popup, 2R)
|
Batting: LHB Bruce Foster
|
0-0: Ball 1-0: Called Strike 1-1: Called Strike 1-2: Foul Ball, location: 2F 1-2: Ball 2-2: Foul Ball, location: 2F 2-2: Single, Error in OF, E9, batter to second base Leon Heath scores Ramón Padilla scores Conan Hanson to third
|
Batting: RHB Juan Estrada
|
0-0: Ball 1-0: Ball 2-0: Swinging Strike 2-1: Called Strike 2-2: Ball 3-2: Foul Ball, location: 2F 3-2: Base on Balls
|
Batting: LHB Caleb Hall
|
0-0: Ball 1-0: Ball 2-0: Swinging Strike 2-1: Ball 3-1: Base on Balls Conan Hanson scores Bruce Foster to third Juan Estrada to second
|
Batting: RHB Pablo Díaz
|
0-0: Foul Ball, location: 2F 0-1: Ball 1-1: Ball 2-1: Ball 3-1: Foul Ball, location: 2F 3-2: Base on Balls Bruce Foster scores Juan Estrada to third Caleb Hall to second
|
Batting: RHB Taylor Justice
|
0-0: Foul Ball, location: 2F 0-1: Called Strike 0-2: Ball 1-2: Fly out, F9 (Flyball, 89M) Runner from 3rd tags up, SCORES, no throw
|
Batting: RHB Leon Heath
|
0-0: Ball 1-0: Fielders Choice at 2nd, 5-4 (Groundball, 56)
|
Top of the 1st over - 5 run(s), 3 hit(s), 2 error(s), 1 left on base; Intercourse 5 - Buffalo 0 |
BOTTOM OF THE 1ST |
Buffalo LightSabres batting - Pitching for Intercourse Amish : LHP Michael Miller
|
Pitching: LHP Michael Miller
|
|
Batting: SHB Clifton Hampton
|
0-0: Called Strike 0-1: Ball 1-1: Ball 2-1: Foul Ball, location: 2F 2-2: Strikes out swinging
|
Batting: SHB Jason Mason
|
0-0: Swinging Strike 0-1: Ball 1-1: SINGLE (Groundball, 6MD)
|
Batting: LHB Craig Kenney
|
0-0: Ball 1-0: Swinging Strike 1-1: Ball 2-1: Foul Ball, location: 2F 2-2: Foul Ball, location: 2F 2-2: SINGLE (Line Drive, 34) Jason Mason to second Runner from 2nd tries for 3rd, SAFE, no throw
|
Batting: LHB Garrett King
|
0-0: Ball 1-0: Called Strike 1-1: Ball 2-1: Ball 3-1: Base on Balls Craig Kenney to second
|
Batting: RHB Gabriel Ángel
|
0-0: Ball 1-0: Ball 2-0: Foul Ball, location: 2F 2-1: Foul Ball, location: 2F 2-2: Ball 3-2: Grounds into double play, 5-4-3 (Groundball, 56)
|
Bottom of the 1st over - 0 run(s), 2 hit(s), 0 error(s), 2 left on base; Intercourse 5 - Buffalo 0 |
TOP OF THE 2ND |
Intercourse Amish batting - Pitching for Buffalo LightSabres : RHP Ben Graham
|
Batting: RHB Ramón Padilla
|
0-0: Called Strike 0-1: Ground out 6-3 (Groundball, 6)
|
Batting: SHB Conan Hanson
|
0-0: Called Strike 0-1: Foul Ball, location: 2F 0-2: Ball 1-2: Foul Ball, location: 2F 1-2: Foul Ball, location: 2F 1-2: Ball 2-2: Hit by Pitch
|
Batting: RHB José Velázquez
|
0-0: Called Strike 0-1: Foul Ball, location: 2F 0-2: Strikes out looking
|
Batting: LHB Bruce Foster
|
0-0: Called Strike 0-1: Swinging Strike 0-2: Ball 1-2: Ball 2-2: Fly out, F8 (Flyball, 8RM)
|
Top of the 2nd over - 0 run(s), 0 hit(s), 0 error(s), 1 left on base; Intercourse 5 - Buffalo 0 |
BOTTOM OF THE 2ND |
Buffalo LightSabres batting - Pitching for Intercourse Amish : LHP Michael Miller
|
Batting: RHB Jorge Castillo
|
0-0: Called Strike 0-1: Swinging Strike 0-2: Ball 1-2: Ball 2-2: Ball 3-2: Ground out 5-3 (Groundball, 5)
|
Batting: RHB John Warren
|
0-0: Called Strike 0-1: Fly out, F4 (Popup, 34D)
|
Batting: RHB Manny Clemente
|
0-0: Ball 1-0: SOLO HOME RUN (Flyball, 7D), Distance : 378 ft
|
Batting: RHB Pedro Romero
|
0-0: Called Strike 0-1: Ball 1-1: DOUBLE (Line Drive, 7LS)
|
Batting: SHB Clifton Hampton
|
0-0: Foul Ball, location: 2F 0-1: Ball 1-1: Ball 2-1: Ball 3-1: Base on Balls
|
Batting: SHB Jason Mason
|
0-0: Ball 1-0: Foul Ball, location: 2F 1-1: Ball 2-1: Swinging Strike 2-2: Strikes out swinging
|
Bottom of the 2nd over - 1 run(s), 2 hit(s), 0 error(s), 2 left on base; Intercourse 5 - Buffalo 1 |
TOP OF THE 3RD |
Intercourse Amish batting - Pitching for Buffalo LightSabres : RHP Ben Graham
|
Batting: RHB Juan Estrada
|
0-0: Ball 1-0: Ball 2-0: Ball 3-0: Called Strike 3-1: Base on Balls
|
Batting: LHB Caleb Hall
|
0-0: Foul Ball, location: 2F 0-1: Ball 1-1: Ball 2-1: Ball 3-1: Called Strike 3-2: Foul Ball, location: 2F 3-2: Base on Balls Juan Estrada to second
|
Batting: RHB Pablo Díaz
|
0-0: Fly out, F7 (Flyball, 7D) Runner from 2nd tags up, SAFE at 3rd, no throw
|
Batting: RHB Taylor Justice
|
0-0: Grounds into double play, 6-4-3 (Groundball, 56)
|
Top of the 3rd over - 0 run(s), 0 hit(s), 0 error(s), 1 left on base; Intercourse 5 - Buffalo 1 |
BOTTOM OF THE 3RD |
Buffalo LightSabres batting - Pitching for Intercourse Amish : LHP Michael Miller
|
Batting: LHB Craig Kenney
|
0-0: Ball 1-0: Foul Ball, location: 2F 1-1: Foul Ball, location: 2F 1-2: Strikes out looking
|
Batting: LHB Garrett King
|
0-0: Ball 1-0: Foul Ball, location: 2F 1-1: Called Strike 1-2: Ball 2-2: Foul Ball, location: 2F 2-2: Ground out U3 (Groundball, 34S)
|
Batting: RHB Gabriel Ángel
|
0-0: Called Strike 0-1: SINGLE (Flyball, 8RS)
|
Batting: RHB Jorge Castillo
|
0-0: Called Strike 0-1: Foul Ball, location: 2F 0-2: Ball 1-2: Foul Ball, location: 2F 1-2: Strikes out swinging
|
Bottom of the 3rd over - 0 run(s), 1 hit(s), 0 error(s), 1 left on base; Intercourse 5 - Buffalo 1 |
TOP OF THE 4TH |
Intercourse Amish batting - Pitching for Buffalo LightSabres : RHP Ben Graham
|
Batting: RHB Leon Heath
|
0-0: Called Strike 0-1: Foul Ball, location: 2F 0-2: Foul Ball, location: 2F 0-2: Ball 1-2: Fly out, F8 (Flyball, 8LM)
|
Batting: RHB Ramón Padilla
|
0-0: Foul Ball, location: 2F 0-1: Ball 1-1: Swinging Strike 1-2: Ball 2-2: Ball 3-2: Strikes out swinging
|
Batting: SHB Conan Hanson
|
0-0: Ball 1-0: Ground out 4-3 (Groundball, 4)
|
Top of the 4th over - 0 run(s), 0 hit(s), 0 error(s), 0 left on base; Intercourse 5 - Buffalo 1 |
BOTTOM OF THE 4TH |
Buffalo LightSabres batting - Pitching for Intercourse Amish : LHP Michael Miller
|
Batting: RHB John Warren
|
0-0: Foul Ball, location: 2F 0-1: Ball 1-1: Called Strike 1-2: Strikes out looking
|
Batting: RHB Manny Clemente
|
0-0: Called Strike 0-1: DOUBLE (Line Drive, 89S)
|
Batting: RHB Pedro Romero
|
0-0: Ball 1-0: Called Strike 1-1: Ball 2-1: Fly out, F5 (Line Drive, 56)
|
Batting: SHB Clifton Hampton
|
0-0: Ball 1-0: DOUBLE (Line Drive, 89XD) Manny Clemente scores
|
Batting: SHB Jason Mason
|
0-0: Ball 1-0: Ground out 4-3 (Groundball, 4)
|
Bottom of the 4th over - 1 run(s), 2 hit(s), 0 error(s), 1 left on base; Intercourse 5 - Buffalo 2 |
TOP OF THE 5TH |
Intercourse Amish batting - Pitching for Buffalo LightSabres : RHP Ben Graham
|
Pitching: RHP Pat Jackson
|
|
Batting: RHB José Velázquez
|
0-0: Ball 1-0: Called Strike 1-1: Ball 2-1: Ball 3-1: Base on Balls
|
Batting: LHB Bruce Foster
|
0-0: Ball 1-0: Called Strike 1-1: Ball Wild Pitch! José Velázquez to second 2-1: Ball 3-1: Called Strike 3-2: Ground out 6-3 (Groundball, 6M) José Velázquez to third
|
Batting: RHB Juan Estrada
|
0-0: Foul Ball, location: 2F 0-1: Ball 1-1: Fly out, F9 (Flyball, 89M) Runner from 3rd tags up, SCORES, throw made
|
Batting: LHB Caleb Hall
|
0-0: SINGLE (Groundball, 34D)
|
Batting: RHB Pablo Díaz
|
0-0: Ball 1-0: Ball 2-0: Ball 3-0: Called Strike 3-1: Base on Balls Caleb Hall to second
|
Batting: RHB Taylor Justice
|
0-0: Fly out, F8 (Flyball, 8RD)
|
Top of the 5th over - 1 run(s), 1 hit(s), 0 error(s), 2 left on base; Intercourse 6 - Buffalo 2 |
BOTTOM OF THE 5TH |
Buffalo LightSabres batting - Pitching for Intercourse Amish : LHP Michael Miller
|
Batting: LHB Craig Kenney
|
0-0: Ball 1-0: Called Strike 1-1: Swinging Strike 1-2: Ball 2-2: Foul Ball, location: 2F 2-2: Fly out, F7 (Flyball, 7LS)
|
Batting: LHB Garrett King
|
0-0: Ball 1-0: Ball 2-0: Ball 3-0: Called Strike 3-1: Swinging Strike 3-2: Strikes out looking
|
Batting: RHB Gabriel Ángel
|
0-0: Called Strike 0-1: Ball 1-1: Swinging Strike 1-2: Strikes out looking
|
Bottom of the 5th over - 0 run(s), 0 hit(s), 0 error(s), 0 left on base; Intercourse 6 - Buffalo 2 |
TOP OF THE 6TH |
Intercourse Amish batting - Pitching for Buffalo LightSabres : RHP Pat Jackson
|
Batting: RHB Leon Heath
|
0-0: Called Strike 0-1: Ground out 6-3 (Groundball, 6)
|
Batting: RHB Ramón Padilla
|
0-0: Swinging Strike 0-1: Foul Ball, location: 2F 0-2: Foul Ball, location: 2F 0-2: Fly out, F9 (Flyball, 9S)
|
Pitching: LHP Mike O'Brien
|
|
Batting: SHB Conan Hanson
|
0-0: Called Strike 0-1: Ball 1-1: Ball 2-1: Foul Ball, location: 2F 2-2: Strikes out swinging
|
Top of the 6th over - 0 run(s), 0 hit(s), 0 error(s), 0 left on base; Intercourse 6 - Buffalo 2 |
BOTTOM OF THE 6TH |
Buffalo LightSabres batting - Pitching for Intercourse Amish : LHP Michael Miller
|
Pitching: RHP Ambrose Palmer
|
|
Batting: RHB Jorge Castillo
|
0-0: Ball 1-0: Ball 2-0: Swinging Strike 2-1: Foul Ball, location: 2F 2-2: Fly out, F8 (Flyball, 8LS)
|
Batting: RHB John Warren
|
0-0: Ball 1-0: Foul Ball, location: 2F 1-1: Swinging Strike 1-2: Strikes out swinging
|
Batting: RHB Manny Clemente
|
0-0: Called Strike 0-1: Called Strike 0-2: Strikes out swinging
|
Bottom of the 6th over - 0 run(s), 0 hit(s), 0 error(s), 0 left on base; Intercourse 6 - Buffalo 2 |
TOP OF THE 7TH |
Intercourse Amish batting - Pitching for Buffalo LightSabres : LHP Mike O'Brien
|
Batting: RHB José Velázquez
|
0-0: Called Strike 0-1: Called Strike 0-2: Ball 1-2: Ball 2-2: Strikes out looking
|
Batting: LHB Bruce Foster
|
0-0: Ball 1-0: Foul Ball, location: 2F 1-1: Foul Ball, location: 2F 1-2: Ball 2-2: Ball 3-2: Base on Balls
|
Batting: RHB Juan Estrada
|
0-0: Called Strike 0-1: Ball 1-1: Ball 2-1: Ball 3-1: Base on Balls Bruce Foster to second
|
Batting: LHB Caleb Hall
|
0-0: Foul Ball, location: 2F 0-1: Swinging Strike 0-2: Foul Ball, location: 2F 0-2: Foul Ball, location: 2F 0-2: Strikes out looking
|
Batting: RHB Pablo Díaz
|
0-0: Called Strike 0-1: Swinging Strike 0-2: Hit by Pitch Bruce Foster to third Juan Estrada to second
|
Pitching: RHP Domingo Rodríguez
|
|
Batting: RHB Taylor Justice
|
0-0: Ball 1-0: Called Strike 1-1: Called Strike 1-2: Ball 2-2: Fly out, F8 (Flyball, 8RD)
|
Top of the 7th over - 0 run(s), 0 hit(s), 0 error(s), 3 left on base; Intercourse 6 - Buffalo 2 |
BOTTOM OF THE 7TH |
Buffalo LightSabres batting - Pitching for Intercourse Amish : RHP Ambrose Palmer
|
Batting: RHB Pedro Romero
|
0-0: Ball
|
|
|
|
1-0: Ball 2-0: Ball 3-0: Base on Balls
|
Batting: SHB Clifton Hampton
|
0-0: Ball 1-0: Ball 2-0: Foul Ball, location: 2F 2-1: SINGLE (Flyball, 7S) Pedro Romero to second
|
Batting: SHB Jason Mason
|
0-0: Ball 1-0: Ball 2-0: Called Strike 2-1: Ball 3-1: Base on Balls Pedro Romero to third Clifton Hampton to second
|
Batting: LHB Craig Kenney
|
0-0: Ball 1-0: SINGLE (Groundball, 56D) Pedro Romero scores Clifton Hampton to third Jason Mason to second Runner from 3rd tries for Home, SAFE, no throw
|
Pitching: LHP Manuel Encarnación
|
|
Batting: LHB Garrett King
|
0-0: Ball 1-0: Ball 2-0: Foul Ball, location: 2F 2-1: Swinging Strike 2-2: Strikes out swinging
|
Batting: RHB Gabriel Ángel
|
0-0: Ball 1-0: Called Strike 1-1: Swinging Strike 1-2: Ball 2-2: Foul Ball, location: 2F 2-2: Ball 3-2: Base on Balls Jason Mason to third Craig Kenney to second
|
Batting: RHB Jorge Castillo
|
0-0: Ball 1-0: Ball 2-0: Called Strike 2-1: Foul Ball, location: 2F 2-2: Ball 3-2: Strikes out swinging
|
Batting: RHB John Warren
|
0-0: Called Strike 0-1: Fielders Choice at 2nd, 5-4 (Groundball, 5L)
|
Bottom of the 7th over - 2 run(s), 2 hit(s), 0 error(s), 2 left on base; Intercourse 6 - Buffalo 4 |
TOP OF THE 8TH |
Intercourse Amish batting - Pitching for Buffalo LightSabres : RHP Domingo Rodríguez
|
Batting: RHB Leon Heath
|
0-0: Foul Ball, location: 2F 0-1: Ball 1-1: Ball 2-1: Swinging Strike 2-2: Foul Ball, location: 2F 2-2: Ball 3-2: Ground out 4-3 (Groundball, 4)
|
Batting: RHB Ramón Padilla
|
0-0: Ball 1-0: Called Strike 1-1: Ball 2-1: Ball 3-1: Called Strike 3-2: Foul Ball, location: 2F 3-2: Strikes out looking
|
Batting: SHB Conan Hanson
|
0-0: Called Strike 0-1: Ball 1-1: Ball 2-1: SINGLE (Line Drive, 4M)
|
Pitching: RHP Stan Payne
|
|
Batting: RHB José Velázquez
|
0-0: Called Strike 0-1: Foul Ball, location: 2F 0-2: Strikes out swinging, 2-3 out at first.
|
Top of the 8th over - 0 run(s), 1 hit(s), 0 error(s), 1 left on base; Intercourse 6 - Buffalo 4 |
BOTTOM OF THE 8TH |
Buffalo LightSabres batting - Pitching for Intercourse Amish : LHP Manuel Encarnación
|
Batting: RHB Manny Clemente
|
0-0: Ball 1-0: SINGLE (Line Drive, 56D)
|
Pitching: RHP Jeff Davis
|
|
Batting: RHB Pedro Romero
|
0-0: Called Strike 0-1: Ball 1-1: Called Strike 1-2: SINGLE (Groundball, 56D) Manny Clemente to second
|
Pinch Hitting: LHB Zack Payton
|
0-0: Foul Ball, location: 2F 0-1: Ball 1-1: Ball 2-1: Bunt missed! 2-2: Foul Ball, location: 2F 2-2: Foul Ball, location: 2F 2-2: SINGLE (Groundball, 6MD) Manny Clemente to third Pedro Romero to second
|
Pinch Hitting: SHB Barrett Bowden
|
0-0: Ball 1-0: Swinging Strike 1-1: Ball 2-1: Ball 3-1: Swinging Strike 3-2: Base on Balls Manny Clemente scores Pedro Romero to third Zack Payton to second
|
Batting: LHB Craig Kenney
|
0-0: Called Strike 0-1: Foul Ball, location: 2F 0-2: Foul Ball, location: 2F 0-2: Strikes out swinging
|
Batting: LHB Garrett King
|
0-0: Ball 1-0: Swinging Strike 1-1: Foul Ball, location: 2F 1-2: Ball 2-2: Foul Ball, location: 2F 2-2: Strikes out swinging
|
Batting: RHB Gabriel Ángel
|
0-0: Ball 1-0: Called Strike 1-1: Ball 2-1: Called Strike 2-2: Foul Ball, location: 2F 2-2: Foul Ball, location: 2F 2-2: Foul Ball, location: 2F 2-2: Foul Ball, location: 2F 2-2: Foul Ball, location: 2F 2-2: DOUBLE (Flyball, 78M) Pedro Romero scores Zack Payton scores Barrett Bowden to third
|
Pitching: RHP Jesús Gonzáles
|
|
Batting: RHB Jorge Castillo
|
0-0: Swinging Strike
|
|
|
|
0-1: Foul Ball, location: 2F 0-2: Ball 1-2: Foul Ball, location: 2F 1-2: Ball 2-2: Strikes out looking
|
Bottom of the 8th over - 3 run(s), 4 hit(s), 0 error(s), 2 left on base; Intercourse 6 - Buffalo 7 |
TOP OF THE 9TH |
Intercourse Amish batting - Pitching for Buffalo LightSabres : RHP Stan Payne
|
Now at 1B: Armando Gusmán
|
|
Now at 2B: Huub Stolk
|
|
Now at SS: Matt Ruskin
|
|
Now in LF: Donato Gozende
|
|
Now in RF: Leslie Adams
|
|
Batting: LHB Bruce Foster
|
0-0: Ball 1-0: Ball 2-0: Ball 3-0: Base on Balls
|
Batting: RHB Juan Estrada
|
0-0: Called Strike 0-1: Fly out, F7 (Flyball, 7)
|
Batting: LHB Caleb Hall
|
0-0: Called Strike 0-1: Ball 1-1: Foul Ball, location: 2F 1-2: Ball 2-2: Ball 3-2: Base on Balls Bruce Foster to second
|
Pinch Hitting: RHB Frank Maxwell
|
0-0: Called Strike 0-1: Swinging Strike 0-2: Strikes out swinging
|
Batting: RHB Taylor Justice
|
0-0: Ball 1-0: Called Strike 1-1: Foul Ball, location: 2F 1-2: Foul Ball, location: 2F 1-2: Strikes out swinging
|
Top of the 9th over - 0 run(s), 0 hit(s), 0 error(s), 2 left on base; Intercourse 6 - Buffalo 7 |
|
Tuesday, August 8th, 2017 - OOTP Baseball 17.12 Build 75
|
|